General information
- name: BNet
- type: Ladder team game (AT/RT)
- host: Battle.net
- saver: I_MASS_MOONWELL
map: GolemsInTheMist
- players: 8
- length: 20:45
- speed: Fast
- version: 1.26 W3XP
- replay type: Public
» download(140 KB)
Players
team 1 (loser)
mtldemolition (
green | 34 APM | 710 actions | 20:45)
5 Paladin
1 Holy Light
1 Divine Shield
3 Devotion Aura
4 Mountain King
2 Storm Bolt
1 Thunder Clap
1 Bash
1 Archmage
1 Summon Water Elemental
» actions
| Build / train | 79 | |
| Enter build submenu | 18 | |
| Enter hero's abilities submenu | 10 | |
| Remove unit from queue | 3 | |
| Right click | 252 | |
| Select / deselect | 273 | |
| Use ability | 75 | |
710 total
» units
| Peasant | 8 | |
| Footman | 8 | |
| Rifleman | 5 | |
| Knight | 6 | |
| Priest | 6 | |
| Siege Engine | 6 | |
| Mortar Team | 1 | |
| Dryad | 2 | |
42 total
» upgrades
| Gunpowder | 1 | |
| Armor | 1 | |
| Plating | 2 | |
| Barrage | 1 | |
| Magic Sentry | 1 | |
| Priest Training | 1 | |
7 total
» buildings
| Farm | 8 | |
| Altar of Kings | 1 | |
| Barracks | 1 | |
| Lumber Mill | 1 | |
| Scout Tower | 3 | |
| Arcane Tower | 1 | |
| Arcane Vault | 1 | |
| Keep | 1 | |
| Blacksmith | 1 | |
| Guard Tower | 2 | |
| Castle | 1 | |
| Workshop | 1 | |
| Arcane Sanctum | 1 | |
23 total
» build order
00:30 Farm
00:35 Altar of Kings
00:49 Barracks
01:15 Farm
01:35 Lumber Mill
02:05 Scout Tower
02:15 Scout Tower
02:27 Farm
02:44 Arcane Tower
03:21 Arcane Vault
03:41 Keep
04:23 Blacksmith
04:37 Farm
05:15 Guard Tower
06:06 Farm
06:24 Castle
06:45 Workshop
08:36 Farm
09:39 Arcane Sanctum
11:19 Farm
11:52 Farm
17:11 Scout Tower
17:49 Guard Tower
» items
| Scroll of Regeneration | 2 | |
| Lesser Clarity Potion | 2 | |
| Orb of Fire | 1 | |
| Scroll of Town Portal | 2 | |
| Potion of Healing | 2 | |
9 total
I_MASS_MOONWELL (
pink | 59 APM | 1226 actions | 20:45)
4 Priestess of the Moon
1 Scout
2 Trueshot Aura
1 Searing Arrows
2 Keeper of the Grove
1 Entangling Roots
1 Thorns Aura
» actions
| Assign group hotkey | 32 | |
| Basic commands | 24 | |
| Build / train | 58 | |
| Enter build submenu | 20 | |
| Enter hero's abilities submenu | 6 | |
| Give item / drop item | 1 | |
| Right click | 463 | |
| Select / deselect | 376 | |
| Select group hotkey | 158 | |
| Use ability | 88 | |
1226 total
» units
» upgrades
| Ultravision | 1 | |
| Strength of the Moon | 2 | |
| Sentinel | 1 | |
| Improved Bows | 1 | |
| Well Spring | 1 | |
| Moon Armor | 1 | |
7 total
» buildings
| Altar of Elders | 2 | |
| Ancient of War | 4 | |
| Moon Well | 6 | |
| Hunter's Hall | 1 | |
| Ancient of Wonders | 1 | |
| Tree of Ages | 2 | |
| Tree of Life | 4 | |
| Tree of Eternity | 1 | |
21 total
» build order
00:04 Altar of Elders
00:11 Ancient of War
00:40 Moon Well
01:56 Hunter's Hall
02:09 Moon Well
02:16 Ancient of Wonders
03:09 Ancient of War
03:13 Moon Well
03:46 Moon Well
05:19 Tree of Ages
11:37 Moon Well
11:41 Tree of Life
11:44 Tree of Life
12:56 Tree of Eternity
16:53 Altar of Elders
16:59 Tree of Life
17:58 Tree of Ages
18:11 Tree of Life
19:19 Moon Well
19:23 Ancient of War
19:24 Ancient of War
» items
| Potion of Healing | 2 | |
| Staff of Preservation | 2 | |
| Scroll of Town Portal | 1 | |
5 total
welcometo (
red | 50 APM | 982 actions | 19:30)
3 Blood Mage
2 Flame Strike
1 Siphon Mana
1 Paladin
1 Holy Light
» actions
| Basic commands | 1 | |
| Build / train | 64 | |
| Enter build submenu | 30 | |
| Enter hero's abilities submenu | 4 | |
| Remove unit from queue | 2 | |
| Right click | 544 | |
| Select / deselect | 276 | |
| Use ability | 61 | |
982 total
» units
| Peasant | 21 | |
| Footman | 6 | |
| Rifleman | 9 | |
| Sorceress | 4 | |
40 total
» upgrades
| Masonry | 1 | |
| Defend | 1 | |
| Plating | 1 | |
| Gunpowder | 1 | |
| Lumber Harvesting | 1 | |
| Armor | 1 | |
| Sorceress Training | 1 | |
7 total
» buildings
| Altar of Kings | 2 | |
| Farm | 12 | |
| Barracks | 4 | |
| Lumber Mill | 2 | |
| Scout Tower | 8 | |
| Arcane Tower | 1 | |
| Arcane Vault | 1 | |
| Guard Tower | 3 | |
| Town Hall | 1 | |
| Blacksmith | 1 | |
| Keep | 1 | |
| Arcane Sanctum | 1 | |
37 total
» build order
00:18 Altar of Kings
00:25 Farm
00:41 Barracks
00:57 Lumber Mill
01:07 Farm
01:48 Lumber Mill
02:17 Farm
03:28 Scout Tower
03:42 Scout Tower
03:49 Arcane Tower
03:53 Arcane Vault
04:32 Guard Tower
05:10 Town Hall
05:24 Blacksmith
06:36 Scout Tower
06:42 Scout Tower
08:15 Altar of Kings
08:36 Keep
08:48 Scout Tower
09:00 Scout Tower
09:02 Guard Tower
09:05 Scout Tower
09:12 Scout Tower
09:47 Guard Tower
09:52 Barracks
09:55 Barracks
10:25 Barracks
11:27 Farm
11:28 Farm
11:29 Farm
13:12 Farm
13:13 Farm
13:15 Farm
14:03 Arcane Sanctum
15:37 Farm
15:38 Farm
15:39 Farm
» items
| Scroll of Regeneration | 2 | |
| Lesser Clarity Potion | 1 | |
| Scroll of Town Portal | 1 | |
| Potion of Healing | 1 | |
5 total
Ankn[pro] (
yellow | 40 APM | 816 actions | 20:11)
4 Demon Hunter
2 Immolation
2 Evasion
» actions
| Assign group hotkey | 21 | |
| Basic commands | 1 | |
| Build / train | 60 | |
| Enter build submenu | 15 | |
| Enter hero's abilities submenu | 4 | |
| Remove unit from queue | 1 | |
| Right click | 241 | |
| Select / deselect | 171 | |
| Select group hotkey | 227 | |
| Use ability | 75 | |
816 total
» units
| Wisp | 24 | |
| Archer | 6 | |
| Goblin Zeppelin | 1 | |
| Druid of the Claw | 8 | |
| Dryad | 2 | |
41 total
» upgrades
| Strength of the Wild | 3 | |
| Reinforced Hides | 3 | |
| Druid of the Claw Training | 2 | |
| Mark of the Claw | 1 | |
9 total
» buildings
| Moon Well | 6 | |
| Altar of Elders | 1 | |
| Ancient of War | 1 | |
| Tree of Ages | 1 | |
| Hunter's Hall | 1 | |
| Tree of Eternity | 1 | |
| Ancient of Lore | 2 | |
| Ancient of Wonders | 2 | |
| Tree of Life | 1 | |
16 total
» build order
00:19 Moon Well
00:33 Altar of Elders
01:15 Ancient of War
01:26 Moon Well
01:57 Moon Well
03:42 Tree of Ages
04:21 Hunter's Hall
05:31 Moon Well
05:34 Moon Well
06:10 Tree of Eternity
06:14 Ancient of Lore
06:16 Ancient of Lore
06:44 Ancient of Wonders
07:46 Moon Well
12:40 Tree of Life
12:52 Ancient of Wonders
» items
team 2 (winner)

»
tubby1 (
purple | 79 APM | 1646 actions | 20:45)
5 Death Knight
3 Death Coil
2 Unholy Aura
4 Lich
2 Frost Nova
2 Frost Armor
4 Tauren Chieftain
2 War Stomp
1 Endurance Aura
1 Reincarnation
» actions
| Assign group hotkey | 51 | |
| Basic commands | 387 | |
| Build / train | 73 | |
| ESC pressed | 1 | |
| Enter build submenu | 17 | |
| Enter hero's abilities submenu | 14 | |
| Right click | 488 | |
| Select / deselect | 261 | |
| Select group hotkey | 321 | |
| Use ability | 33 | |
1646 total
» units
| Acolyte | 2 | |
| Ghoul | 2 | |
| Crypt Fiend | 5 | |
| Goblin Shredder | 1 | |
| Frost Wyrm | 10 | |
| Wind Rider | 14 | |
34 total
» upgrades
| Creature Attack | 3 | |
| Creature Carapace | 3 | |
| Web | 1 | |
| Ranged Weapons | 1 | |
| Armor | 2 | |
| Envenomed Spears | 1 | |
| Freezing Breath | 1 | |
12 total
» buildings
| Crypt | 1 | |
| Ziggurat | 7 | |
| Altar of Darkness | 1 | |
| Graveyard | 1 | |
| Nerubian Tower | 1 | |
| Halls of the Dead | 1 | |
| Spirit Tower | 1 | |
| Black Citadel | 2 | |
| Sacrificial Pit | 1 | |
| Boneyard | 2 | |
| Orc Burrow | 2 | |
20 total
» build order
00:40 Crypt
00:43 Ziggurat
00:48 Altar of Darkness
00:54 Ziggurat
02:12 Graveyard
02:14 Ziggurat
02:16 Nerubian Tower
02:45 Ziggurat
03:51 Halls of the Dead
07:19 Spirit Tower
07:58 Black Citadel
08:19 Sacrificial Pit
08:54 Ziggurat
08:56 Ziggurat
08:58 Ziggurat
10:28 Boneyard
10:30 Boneyard
13:25 Orc Burrow
13:26 Orc Burrow
Annihilation (
orange | 43 APM | 896 actions | 20:45)
6 Mountain King
3 Storm Bolt
2 Bash
1 Avatar
1 Tauren Chieftain
1 Shockwave
» actions
| Build / train | 71 | |
| Enter build submenu | 37 | |
| Enter hero's abilities submenu | 7 | |
| Remove unit from queue | 1 | |
| Right click | 416 | |
| Select / deselect | 319 | |
| Use ability | 45 | |
896 total
» units
| Peasant | 22 | |
| Footman | 10 | |
| Knight | 10 | |
| Siege Engine | 8 | |
50 total
» upgrades
| Animal War Training | 1 | |
| Plating | 2 | |
| Swords | 2 | |
| Barrage | 1 | |
| Gunpowder | 1 | |
7 total
» buildings
| Altar of Kings | 1 | |
| Farm | 13 | |
| Barracks | 2 | |
| Keep | 2 | |
| Lumber Mill | 2 | |
| Town Hall | 2 | |
| Castle | 1 | |
| Blacksmith | 1 | |
| Scout Tower | 6 | |
| Guard Tower | 2 | |
| Workshop | 2 | |
34 total
» build order
00:10 Altar of Kings
00:15 Farm
00:44 Barracks
00:55 Farm
01:39 Farm
02:20 Farm
02:42 Barracks
03:11 Farm
03:46 Keep
03:47 Keep
05:08 Lumber Mill
05:53 Town Hall
06:22 Castle
06:46 Blacksmith
06:52 Scout Tower
07:26 Scout Tower
07:27 Scout Tower
07:29 Guard Tower
07:31 Scout Tower
08:27 Guard Tower
08:31 Farm
09:38 Farm
09:50 Farm
10:12 Town Hall
10:44 Farm
10:46 Farm
11:31 Farm
13:16 Workshop
13:19 Workshop
15:20 Lumber Mill
16:59 Farm
18:27 Farm
20:39 Scout Tower
20:41 Scout Tower

»
miceandmen (
teal | 106 APM | 1193 actions | 11:13)
3 Tauren Chieftain
2 Endurance Aura
1 Shockwave
» actions
| Assign group hotkey | 231 | |
| Basic commands | 66 | |
| Build / train | 34 | |
| Enter build submenu | 9 | |
| Enter hero's abilities submenu | 4 | |
| Give item / drop item | 2 | |
| Right click | 389 | |
| Select / deselect | 116 | |
| Select group hotkey | 301 | |
| Use ability | 41 | |
1193 total
» units
| Peon | 7 | |
| Grunt | 5 | |
| Demolisher | 3 | |
| Troll Batrider | 4 | |
19 total
» upgrades
» buildings
| Barracks | 1 | |
| Orc Burrow | 4 | |
| Altar of Storms | 1 | |
| Voodoo Lounge | 1 | |
| Stronghold | 1 | |
| War Mill | 1 | |
| Beastiary | 1 | |
| Fortress | 1 | |
11 total
» build order
00:13 Barracks
00:23 Orc Burrow
01:02 Altar of Storms
01:24 Orc Burrow
02:09 Orc Burrow
02:32 Voodoo Lounge
04:15 Stronghold
05:04 War Mill
07:10 Beastiary
08:07 Fortress
09:53 Orc Burrow
» items
| Healing Salve | 4 | |
| Lesser Clarity Potion | 2 | |
| Scroll of Town Portal | 1 | |
7 total

»
zander_man (
blue | 41 APM | 853 actions | 20:45)
4 Blademaster
2 Wind Walk
2 Critical Strike
4 Shadow Hunter
2 Healing Wave
2 Hex
2 Tauren Chieftain
1 War Stomp
1 Reincarnation
» actions
| Assign group hotkey | 18 | |
| Basic commands | 29 | |
| Build / train | 61 | |
| Enter build submenu | 13 | |
| Enter hero's abilities submenu | 10 | |
| Give item / drop item | 1 | |
| Right click | 300 | |
| Select / deselect | 287 | |
| Select group hotkey | 87 | |
| Use ability | 47 | |
853 total
» units
| Peon | 5 | |
| Troll Headhunter/Berserker | 15 | |
| Demolisher | 2 | |
| Shaman | 6 | |
| Spirit Walker | 3 | |
| Tauren | 4 | |
35 total
» upgrades
| Ranged Weapons | 1 | |
| Troll Regeneration | 1 | |
| Shaman Training | 2 | |
| Spirit Walker Training | 2 | |
| Berserker Upgrade | 1 | |
| Armor | 1 | |
8 total
» buildings
| Altar of Storms | 1 | |
| Orc Burrow | 4 | |
| Barracks | 1 | |
| War Mill | 1 | |
| Voodoo Lounge | 1 | |
| Watch Tower | 1 | |
| Stronghold | 1 | |
| Spirit Lodge | 1 | |
| Fortress | 1 | |
| Tauren Totem | 1 | |
13 total
» build order
00:10 Altar of Storms
00:13 Orc Burrow
00:56 Barracks
01:55 War Mill
02:03 Orc Burrow
02:15 Voodoo Lounge
03:33 Watch Tower
04:31 Stronghold
04:43 Orc Burrow
05:43 Orc Burrow
06:58 Spirit Lodge
11:27 Fortress
15:38 Tauren Totem
» items
| Healing Salve | 1 | |
| Scroll of Speed | 1 | |
2 total
Chat log
(07:27 / Allies) I_MASS_MOONWELL: omw
(08:22 / Allies) welcometo: cool
(09:38 / Allies) I_MASS_MOONWELL: we should probably do some damage to them
(10:24 / All) miceandmen: ncie mh dudes
(10:30 / All) miceandmen: and for teh record bleu
(10:31 / All) welcometo: stfu
(10:34 / All) miceandmen: HEAD HUNTRS ARE TRASH
(10:41 / All) miceandmen: its sooo blatant duyde
(10:45 / All) miceandmen: how many times did pink jump
(10:56 / All) miceandmen: pinks been hackin for ten years
(11:03 / All) miceandmen: sorry to tell ya
(11:07 / All) I_MASS_MOONWELL: Uh
(11:08 / All) I_MASS_MOONWELL: How?
(11:09 / All) miceandmen: we used to be in clans together
(12:09 / All) I_MASS_MOONWELL: How is it
(12:21 / Allies) I_MASS_MOONWELL: Than in 10 years he hadn't encountered anyone using owls before?
(12:23 / All) I_MASS_MOONWELL: that*
(14:36 / Allies) welcometo: lumber
(15:01 / All) tubby1: nice tp green
(15:51 / All) tubby1: Gg
(16:35 / All) I_MASS_MOONWELL: Damn
(16:37 / All) I_MASS_MOONWELL: If we lose this
(16:39 / All) I_MASS_MOONWELL: It's cause teal left
(16:45 / All) I_MASS_MOONWELL: and your team got a lot better overall because of it.
(19:14 / Allies) welcometo: yellow
(20:15 / All) I_MASS_MOONWELL: Yes we lost you did something dumb.